 Dungeon Crawl Stone Soup version 0.24.0 (webtiles) character file.

Game seed: 17509649351291175427, levelgen mode: deterministic

22206 CloudKeeper the Protected (level 12, -1/116 HPs)
             Began as a Minotaur Fighter on Mar 15, 2020.
             Was the Champion of Makhleb.
             Slain by a soul eater (19 damage)
             ... in a Gauntlet.
             The game lasted 01:06:54 (10193 turns).

CloudKeeper the Protected (Minotaur Fighter)       Turns: 10193, Time: 01:06:54

Health: -1/116     AC: 22    Str: 23 (25) XL:     12   Next: 61%
Magic:  16/16      EV:  7    Int:  9      God:    Makhleb [******]
Gold:   604        SH: 17    Dex: 16 (18) Spells: 11/11 levels left

rFire    . . .     SeeInvis .   e - +2 flail (drain)
rCold    + . .     Gourm    .   S - +0 large shield
rNeg     . . .     Faith    .   T - +0 plate armour (curse)
rPois    +         Spirit   .   (helmet restricted)
rElec    .         Reflect  .   (no cloak)
rCorr    .         Harm     +   y - +1 pair of gloves
MR       +....     NoTele   +   u - +2 pair of boots
Stlth    ..........             A - amulet of harm
HPRegen  0.29/turn              K - ring of Ywkuo {rPois rC+ Str+4 Int+4 Dex+3}
MPRegen  0.15/turn              U - ring of protection from magic

@: hasted, heavily drained, very quick
A: retaliatory headbutt, horns 2, molten scales 1, blurry vision 1,
deterioration 1, robust 1
a: Minor Destruction, Lesser Servant of Makhleb, Major Destruction, Greater
Servant of Makhleb, Renounce Religion


You were in a Gauntlet.
You worshipped Makhleb.
Makhleb was exalted by your worship.
You were not hungry.

You visited 2 branches of the dungeon, and saw 14 of its levels.
You also visited: Ossuary and Gauntlet.

You collected 604 gold pieces.

Inventory:

Hand Weapons
 a - a +0 war axe
 e - a +2 flail of draining (weapon)
 l - a +1 short sword of venom
 r - a +0 arbalest
 w - a +2 dagger of flaming
 I - a +0 war axe
 M - a +2 short sword of electrocution
 N - the +1 spear "Mawis" {venom, rElec rPois rC++ MR+}
   (You found it on level 7 of the Dungeon)

   It poisons the flesh of those it strikes.
   It greatly protects you from cold.
   It insulates you from electricity.
   It protects you from poison.
   It affects your resistance to hostile enchantments.
 O - a +2 shortbow of flaming
Missiles
 o - 14 boomerangs (quivered)
 p - 60 bolts
 R - 161 arrows
Armour
 c - a +0 troll leather armour
 k - +0 acid dragon scales
 u - a +2 pair of boots (worn)
 y - a +1 pair of gloves (worn)
 S - a +0 large shield (worn)
 T - a cursed +0 plate armour (worn)
Jewellery
 A - an amulet of harm (around neck)
 K - the ring of Ywkuo (left hand) {rPois rC+ Str+4 Int+4 Dex+3}
   (You found it on level 6 of the Dungeon)

   [ring of dexterity]

   It affects your strength (+4).
   It affects your intelligence (+4).
   It affects your dexterity (+3).
   It protects you from cold.
   It protects you from poison.
 U - a ring of protection from magic (right hand)
Wands
 h - a wand of acid (20)
 x - a wand of paralysis (5)
 J - a wand of polymorph (8)
 L - a wand of digging (6)
 V - a wand of flame (7)
Scrolls
 b - a scroll of fear {unknown}
 g - 5 scrolls of amnesia
 i - 3 scrolls of magic mapping
 j - 10 scrolls of identify
 m - 6 scrolls of remove curse
 q - 3 scrolls of blinking
 s - a scroll of fog
 E - 6 scrolls of teleportation
 P - a scroll of noise {unknown}
 W - a scroll of enchant weapon {unknown}
 X - 3 scrolls of enchant armour
Potions
 n - 2 potions of ambrosia
 t - a potion of might
 v - 3 potions of flight
 z - a potion of berserk rage {unknown}
 B - 8 potions of curing
 C - a potion of resistance {unknown}
 D - 5 potions of mutation
 F - 2 potions of lignification
 G - a potion of agility
 H - a potion of heal wounds
 Q - a potion of cancellation {unknown}
 Y - a potion of invisibility {unknown}
Comestibles
 f - 23 rations
 Z - 4 chunks of flesh


   Skills:
 + Level 10.2(8.6) Fighting
 - Level 4.9(6.9) Axes
 + Level 8.6(7.6) Maces & Flails
 - Level 6.1(5.4) Polearms
 - Level 0.3(0.0) Throwing
 + Level 11.8(10.2) Armour
 + Level 8.0(6.5) Dodging
 + Level 1.3(0.1) Stealth
 + Level 10.5(8.9) Shields
 * Level 7.0(5.5) Invocations
 - Level 5.2(3.8) Evocations


You had 11 spell levels left.
You didn't know any spells.
Your spell library contained the following spells:

 Spells                   Type           Power        Failure   Level  Hunger
 Animate Skeleton         Necr           N/A          100%        1    ##.....
 Apportation              Tloc           #.....       100%        1    ##.....
 Confusing Touch          Hex            #.....       100%        1    ##.....
 Infusion                 Chrm           #...         100%        1    ##.....
 Summon Small Mammal      Summ           #...         100%        1    ##.....
 Blink                    Tloc           N/A          100%        2    ###....
 Shroud of Golubria       Chrm/Tloc      #.....       100%        2    ###....
 Song of Slaying          Chrm           #.......     100%        2    ###....
 Regeneration             Chrm/Necr      #.........   100%        3    ####...
 Spectral Weapon          Hex/Chrm       #.......     100%        3    ####...
 Teleport Other           Tloc           #.......     100%        3    ####...
 Cause Fear               Hex            #.........   100%        4    #####..
 Silence                  Hex/Air        #.........   100%        5    ######.
 Yara's Violent Unravell  Hex/Tmut       #.........   100%        5    ######.
 Deflect Missiles         Chrm/Air       #.........   100%        6    #######
 Dispersal                Tloc           #.........   100%        6    #######
 Malign Gateway           Summ/Tloc      #.........   100%        7    #######
 Discord                  Hex            #.........   100%        8    #######


Dungeon Overview and Level Annotations

Branches:
Dungeon (13/15)            Temple (1/1) D:4            Lair (0/6) D:10
    Orc (0/2) D:12        Ossuary (visited)         Gauntlet (1/1)
 Vaults: D:13-14

Altars:
Ashenzari
Cheibriados
Dithmenos
Elyvilon
Fedhas
Gozag
Hepliaklqana
Kikubaaqudgha
Makhleb
Nemelex Xobeh
Okawaru
Qazlal
Ru
Sif Muna
Trog
Uskayaw
Vehumet
Wu Jian
Xom
Yredelemnul
Zin
The Shining One

Shops:
D:5 }   D:8 :   D:10 =

Annotations:
Gauntlet 11 transporters, 4 runed translucent doors


Innate Abilities, Weirdness & Mutations

You reflexively headbutt those who attack you in melee.
You have a pair of horns on your head.
You are partially covered in molten scales. (AC +2)
Scrolls take you a little longer to read.
Your body sometimes deteriorates upon taking damage.
You are robust. (+10% HP)


Message History

You hit the soul eater but do no damage.
The soul eater is moderately wounded.
The soul eater hits you!
* * * LOW HITPOINT WARNING * * *
Your body deteriorates!
You feel weakened.
You feel drained.
You hit the soul eater but do no damage.
Your headbutt misses the soul eater.
The soul eater is moderately wounded.
The soul eater hits you.
* * * LOW HITPOINT WARNING * * *
You feel drained.
You sock the soul eater! Your headbutt misses the soul eater.
The soul eater is heavily wounded.
The soul eater barely misses you. You furiously retaliate!
You headbutt the soul eater.
You feel much better. The soul eater hits you!
* * * LOW HITPOINT WARNING * * *
You feel yourself speed up. The soul eater hits you!
You die...

...#.#....s#.#.#.G.G.u.#.≈##
####.###################.≈≈#
#.......#©....©....©#....≈##
#..P♣...#############.♣P.##
....P.P...#..!©.).#......≈#
.P#≈#≈#...#.#####.#.♣PPP.≈≈#
P.≈≈≈≈≈...#.#≈≈≈#.#....P.≈##
♣P#≈#≈#P♣.#.#.©.#.#.♣.P..##
.P≈≈≈≈≈.P.#.+...@.#..P..≈#
.P#≈#≈#...#.#####3#.♣..≈≈#
..........#...55.5#...####
###################..≈#
....©.........©#....≈≈#
################...####
#.†.©.!.#.........≈#
#.÷.8...#.♣P..♣..≈≈#
#8.8^8.8#.P.P...####


You could see a soul eater and 3 shadow imps.

Vanquished Creatures
  A hydra (D:13)
  A centaur warrior (D:9)
  3 two-headed ogres
  5 death yaks (D:10)
  An unseen horror (D:11)
  Pikel (D:9)
  An ugly thing (D:12)
  A cyclops (D:11)
  A deep elf mage (D:12)
  A manticore (D:11)
  A centaur skeleton (D:12)
  A kobold demonologist (D:11)
  2 trolls
  Prince Ribbit (D:8)
  A raiju (Gauntlet)
  5 hippogriffs
  Sigmund (D:3)
  2 wraiths
  8 yaks
  A human (D:8)
  3 hungry ghosts
  2 steam dragons (Gauntlet)
  4 hogs (D:8)
  A two-headed ogre zombie (D:12)
  3 acid dragons (D:11)
  3 water moccasins
  A black bear (D:6)
  3 sky beasts
  3 necrophages
  4 orc warriors
  7 phantoms
  4 ice beasts
  8 ogres
  10 centaurs
  A crocodile (D:11)
  A wyvern zombie (D:11)
  3 big kobolds
  9 bullfrogs
  3 scorpions (D:5)
  8 killer bees
  5 wights (D:8)
  4 howler monkeys
  A centaur zombie (D:8)
  5 crimson imps
  3 jellies
  A quasit (D:11)
  4 bullfrog zombies
  5 hounds
  17 orc wizards
  2 gnoll shamans
  5 orc priests
  Ijyb (D:3)
  3 bullfrog skeletons
  Terence (D:2)
  4 iguanas
  Natasha (D:4)
  3 worker ants
  7 ogre zombies (D:12)
  2 hound zombies
  2 hound skeletons
  15 mummies
  Robin (D:2)
  14 adders
  4 gnolls
  A howler monkey skeleton (D:4)
  A shadow imp (D:11)
  2 adder zombies
  An adder skeleton (D:5)
  A worm (D:1)
  4 leopard geckos
  56 orcs
  8 giant cockroaches
  13 goblins
  14 hobgoblins
  17 jackals
  18 kobolds
  2 quokkas
  4 ball pythons
  7 bats
  5 frilled lizards
  A gnoll skeleton (Ossuary)
  4 goblin skeletons (Ossuary)
  5 goblin zombies
  A hobgoblin skeleton (D:12)
  6 hobgoblin zombies (D:12)
  A kobold skeleton (Ossuary)
  A kobold zombie (D:5)
  A leopard gecko skeleton (D:4)
  2 orc skeletons (Ossuary)
  13 orc zombies (D:12)
  A quokka skeleton (D:4)
  A quokka zombie (D:7)
  7 rats
  11 rat skeletons (Ossuary)
439 creatures vanquished.

Notes
Turn   | Place    | Note
-------+----------+-------------------------------------------
     0 | D:1      | CloudKeeper the Minotaur Fighter began the quest for the
                  | Orb.
     0 | D:1      | Reached XP level 1. HP: 19/19 MP: 0/0
   118 | D:1      | Reached XP level 2. HP: 20/27 MP: 1/1
   312 | D:1      | You fall into a shaft and drop 1 floor!
   497 | D:1      | Reached XP level 3. HP: 9/33 MP: 2/2
   816 | D:2      | Found a faded altar of an unknown god.
   921 | D:2      | Reached skill level 4 in Armour
   921 | D:2      | Reached XP level 4. HP: 33/41 MP: 3/3
  1136 | D:2      | Noticed Robin
  1161 | D:2      | Killed Robin
  1222 | D:2      | Noticed Terence
  1236 | D:2      | Killed Terence
  1236 | D:2      | Reached XP level 5. HP: 18/47 MP: 4/4
  1373 | D:3      | Noticed an ogre
  1379 | D:3      | Killed an ogre
  1469 | D:3      | Reached skill level 5 in Fighting
  1469 | D:3      | Reached XP level 6. HP: 45/56 MP: 5/5
  1485 | D:3      | Found a white marble altar of Elyvilon.
  1597 | D:3      | Noticed Ijyb
  1613 | D:3      | Killed Ijyb
  1613 | D:3      | Reached skill level 5 in Armour
  1657 | D:3      | Gained mutation: You are robust. (+10% HP) [potion of
                  | mutation]
  1657 | D:3      | Gained mutation: Scrolls take you a little longer to read.
                  | [potion of mutation]
  1657 | D:3      | Gained mutation: Your body sometimes deteriorates upon
                  | taking damage. [potion of mutation]
  1657 | D:3      | Gained mutation: You are partially covered in molten
                  | scales. (AC +2) [potion of mutation]
  1878 | D:3      | Noticed Sigmund
  1891 | D:3      | Killed Sigmund
  1891 | D:3      | Reached skill level 1 in Dodging
  1916 | D:3      | Reached XP level 7. HP: 57/68 MP: 6/6
  2655 | D:4      | Reached skill level 5 in Shields
  2661 | D:4      | Found a staircase to the Ecumenical Temple.
  2670 | Temple   | Entered the Ecumenical Temple
  2707 | Temple   | Became a worshipper of Makhleb the Destroyer
  2994 | D:4      | Noticed Natasha
  2996 | D:4      | Killed Natasha
  3164 | D:5      | Entered Level 5 of the Dungeon
  3178 | D:5      | Found Erramakk's Gadget Shop.
  3241 | D:5      | Found a sand-covered staircase.
  3245 | D:5      | Reached skill level 6 in Armour
  3248 | Ossuary  | Entered an ossuary
  3333 | Ossuary  | Reached * piety under Makhleb
  3337 | Ossuary  | Reached skill level 1 in Evocations
  3397 | Ossuary  | Reached skill level 1 in Invocations
  3397 | Ossuary  | Reached XP level 8. HP: 69/77 MP: 7/7
  3770 | D:5      | Reached ** piety under Makhleb
  3770 | D:5      | Reached skill level 5 in Maces & Flails
  4000 | D:5      | Reached skill level 7 in Armour
  4737 | D:6      | Found a hide-covered altar of Uskayaw.
  4741 | D:6      | Found a sparkling altar of Nemelex Xobeh.
  4755 | D:6      | Reached XP level 9. HP: 79/84 MP: 9/9
  4872 | D:6      | Got a smoking pewter ring
  4881 | D:6      | Identified the ring of Ywkuo {rPois rC+ Str+4 Int+4 Dex+3}
                  | (You found it on level 6 of the Dungeon)
  5019 | D:6      | Reached *** piety under Makhleb
  5175 | D:6      | Found a radiant altar of Vehumet.
  5178 | D:6      | Found a sacrificial altar of Ru.
  5429 | D:7      | Got a warped spear
  5432 | D:7      | Identified the cursed +1 spear "Mawis" {venom, rElec rPois
                  | rC++ MR+} (You found it on level 7 of the Dungeon)
  5493 | D:7      | Reached skill level 8 in Armour
  6023 | D:8      | Reached **** piety under Makhleb
  6047 | D:8      | Found Lymoreep's Book Emporium.
  6064 | D:8      | Noticed Prince Ribbit
  6211 | D:8      | Killed Prince Ribbit
  6211 | D:8      | Reached XP level 10. HP: 93/93 MP: 11/11
  6355 | D:8      | Reached skill level 5 in Dodging
  6366 | D:8      | Reached skill level 9 in Armour
  6429 | D:8      | Identified the Handbook of the Traveller
  6733 | D:9      | Reached ***** piety under Makhleb
  6733 | D:9      | Reached skill level 1 in Polearms
  6817 | D:9      | Noticed a two-headed ogre
  6826 | D:9      | Killed a two-headed ogre
  6914 | D:9      | Noticed Pikel
  6922 | D:9      | Killed Pikel
  7096 | D:9      | Noticed a centaur warrior
  7105 | D:9      | Killed a centaur warrior
  7105 | D:9      | Reached skill level 5 in Invocations
  7105 | D:9      | Reached XP level 11. HP: 92/103 MP: 13/13
  7295 | D:10     | Entered Level 10 of the Dungeon
  7558 | D:10     | Noticed a death yak
  7558 | D:10     | Noticed a death yak
  7559 | D:10     | Noticed a death yak
  7559 | D:10     | Found a staircase to the Lair.
  7559 | D:10     | Noticed a death yak
  7560 | D:10     | Noticed a death yak
  7578 | D:10     | Reached skill level 10 in Armour
  7585 | D:10     | Killed a death yak
  7589 | D:10     | Killed a death yak
  7591 | D:10     | Killed a death yak
  7593 | D:10     | Killed a death yak
  7593 | D:10     | Reached skill level 5 in Evocations
  7597 | D:10     | Killed a death yak
  7702 | D:10     | Found Vienia Poyp's Jewellery Boutique.
  8263 | D:11     | Found a blossoming altar of Fedhas.
  8318 | D:11     | Killed an unseen horror
  8356 | D:11     | Reached skill level 5 in Polearms
  8393 | D:11     | Noticed a two-headed ogre
  8399 | D:11     | Killed a two-headed ogre
  8676 | D:11     | Reached skill level 11 in Armour
  8681 | D:11     | Reached XP level 12. HP: 115/115 MP: 15/15
  8958 | D:11     | Found a sacrificial altar of Ru.
  9092 | D:12     | Found a staircase to the Orcish Mines.
  9113 | D:12     | Reached ****** piety under Makhleb
  9224 | D:12     | Reached skill level 10 in Shields
  9341 | D:12     | Noticed a two-headed ogre
  9346 | D:12     | Killed a two-headed ogre
  9415 | D:12     | Reached skill level 10 in Fighting
  9738 | D:13     | Noticed a six-headed hydra
  9751 | D:13     | Killed a six-headed hydra
  9751 | D:13     | Reached skill level 1 in Stealth
  9799 | D:13     | Found a gate leading to a gauntlet.
  9807 | Gauntlet | Entered a Gauntlet
  9807 | Gauntlet | Found a transporter.
  9812 | Gauntlet | Found a transporter.
  9814 | Gauntlet | Found a transporter.
  9830 | Gauntlet | Found a transporter.
  9831 | Gauntlet | Found a transporter.
  9839 | Gauntlet | Found a transporter.
  9854 | Gauntlet | Found a runed translucent gate.
  9855 | Gauntlet | Found a transporter.
  9855 | Gauntlet | Found a runed translucent gate.
  9856 | Gauntlet | Found a runed translucent gate.
  9865 | Gauntlet | Found a transporter.
  9872 | Gauntlet | Found a transporter.
  9889 | Gauntlet | Found a transporter.
  9896 | Gauntlet | Found a runed translucent door.
  9898 | Gauntlet | Found a transporter.
  9900 | Gauntlet | Found a runed translucent door.
  9900 | Gauntlet | Found a transporter.
  9975 | Gauntlet | Found a transporter.
  9997 | Gauntlet | Found a transporter.
 10193 | Gauntlet | Slain by a soul eater

Levels and vault maps discovered:
D:1:      dpeg_arrival_brainrot, layout_loops_ring, minivault_11
D:2:      layout_basic, chequers_ecumenical_altar_grove, uniq_robin,
          uniq_terence
D:3:      layout_basic, first_ration, serial_glass, glass_columns_b,
          glass_columns_a, elyvilon_altar_4, uniq_sigmund, uniq_ijyb
D:4:      layout_loops_ring, minmay_temple_entry_slanted, uniq_natasha
D:5:      minmay_diamond_boxcup, layout_loops_ring, nicolae_ossuary_entry_giza,
          serial_shops, shop, kennysheep_flooded_box
D:6:      layout_basic, nicolae_overflow_hidden_temple
D:7:      layout_loops_ring
D:8:      layout_basic, serial_shops, nicolae_shop_crystal, grunt_livestock,
          uniq_prince_ribbit1
D:9:      layout_roguey, uniq_pikel
D:10:     cheibrodos_iron_armory, layout_basic, dpeg_lair_monsters,
          serial_shops, shop
D:11:     layout_irregular_city, basic_altar, fedhas_altar_2
D:12:     layout_big_octagon, zombieorc2_lemuel, abandoned_shop
D:13:     layout_loops_ring, gammafunk_ghost_necromancy, gauntlet_entry_generic
Temple:   compressed_dpeg_circular_temple
Gauntlet: minmay_gauntlet_77_tree [minmay_gauntlet_arena_77_terracotta_army,
          minmay_gauntlet_arena_77_chump_sandwich,
          minmay_gauntlet_arena_77_shame_cube,
          minmay_gauntlet_arena_77_double_cross,
          minmay_gauntlet_arena_77_run_for_it,
          minmay_gauntlet_arena_77_squiggly,
          minmay_gauntlet_arena_77_radiant_squares,
          nicolae_gauntlet_exit_dead_adventurers]
